 Dungeon Crawl Stone Soup version 0.29.1-15-g9cfb28693d (webtiles) character file.

Game seed: 8418905643122837560

86 KyoPewz the Slasher (level 4, -2/33 HPs)
             Began as a Merfolk Gladiator on Mar 23, 2023.
             Was an Initiate of Ashenzari.
             Slain by TungstenYUNOMELT's ghost (3 damage)
             ... on level 3 of the Dungeon.
             The game lasted 00:06:30 (2161 turns).

KyoPewz the Slasher (Merfolk Gladiator)             Turns: 2161, Time: 00:06:31

Health: -2/33      AC:  6    Str: 14    XL:     4   Next: 50%
Magic:  4/4        EV: 12    Int:  7    God:    Ashenzari [......]
Gold:   75         SH:  0    Dex: 17    Spells: 3/3 levels left

rFire   . . .      SeeInvis .   a - +0 long sword
rCold   . . .      Faith    .   (no shield)
rNeg    . . .      Spirit   .   f - +0 ring mail
rPois   .          Reflect  .   c - +0 helmet
rElec   .          Harm     .   (no cloak)
rCorr   +          Rampage  .   (no gloves)
Will    .....                   (no boots)
Stlth   +.........              (no amulet)
HPRegen 0.11/turn               C - ring of resist corrosion
MPRegen 0.09/turn               (no ring)

@: no status effects
A: (nimble swimmer 2), mertail
a: Renounce Religion


You were on level 3 of the Dungeon.
You worshipped Ashenzari.
Ashenzari was noncommittal.
You visited 1 branch of the dungeon, and saw 3 of its levels.

You collected 108 gold pieces.
You spent 33 gold pieces at shops.

Inventory:

Hand Weapons
 a - a +0 long sword (weapon)
Missiles
 d - 3 throwing nets
 e - a javelin
 h - 15 stones (quivered)
 j - 5 boomerangs of dispersal
 A - 5 curare-tipped darts
Armour
 c - a +0 helmet (worn)
 f - a +0 ring mail (worn)
 y - a +0 pair of boots
Jewellery
 C - a ring of resist corrosion (left hand)
Scrolls
 g - 3 scrolls of identify {unknown}
 i - a scroll of poison {unknown}
 n - a scroll of enchant armour {unknown}
 p - a scroll of acquirement {unknown}
 r - a scroll of blinking {unknown}
 s - 2 scrolls of amnesia {unknown}
 t - 3 scrolls of teleportation
 u - a scroll of noise {unknown}
 w - 2 scrolls of fog {unknown}
 x - a scroll of fear {unknown}
 z - a scroll of torment {unknown}
Potions
 b - a potion of lignification {unknown}
 k - a potion of brilliance {unknown}
 l - 2 potions of magic {unknown}
 m - a potion of degeneration {unknown}
 o - a potion of flight {unknown}
 q - 2 potions of haste {unknown}
 v - a potion of heal wounds {unknown}


   Skills:
 - Level 2.1 Fighting
 + Level 5.0 Long Blades
 + Level 3.5 Throwing
 - Level 4.0 Dodging


You had 3 spell levels left.
You didn't know any spells.
Your spell library contained the following spells:

 Spells                   Type           Power      Damage    Failure   Level
 Ozocubu's Armour         Ice            0%         N/A       96%         3
 Ozocubu's Refrigeration  Ice            0%         4d7       100%        7


Dungeon Overview and Level Annotations

Branches:
Dungeon (3/15)

Altars:
Ashenzari
Ru

Shops:
D:2 ?

Annotations:
D:3 1 transporter, TungstenYUNOMELT's ghost, weakling DsFi


Innate Abilities, Weirdness & Mutations

((You are very nimble when in or above water. (Stealth+, EV+, Speed+++)))
Your lower body shifts to a powerful aquatic tail in water.


Message History

There is a transporter here.
There is a transporter here.
You enter the transporter and appear at another place.
You see here a +0 leather armour.
The killer bee zombie hits you.
You take 6 damage, and have 27/33 hp.
The killer bee zombie hits you.
You take 2 damage, and have 25/33 hp.
You closely miss the killer bee zombie. The killer bee zombie hits you.
The killer bee zombie closely misses you.
You take 6 damage, and have 19/33 hp.
You barely miss the killer bee zombie. The killer bee zombie hits you. x2
You take 6 damage, and have 13/33 hp.
Press: ? - help, v - describe, . - travel
Here: TungstenYUNOMELT's ghost The floor.
You closely miss the killer bee zombie. The killer bee zombie hits you.
* * * LOW HITPOINT WARNING * * *
The killer bee zombie hits you.
* * * LOW HITPOINT WARNING * * *
You take 10 damage, and have 3/33 hp.
MASSIVE DAMAGE!!
Okay, then.
Unknown command.
The killer bee zombie attacks as you move away!
The killer bee zombie hits you but does no damage.
TungstenYUNOMELT's ghost attacks as you move away!
TungstenYUNOMELT's ghost closely misses you.
The killer bee zombie attacks as you move away!
The killer bee zombie completely misses you.
TungstenYUNOMELT's ghost attacks as you move away!
TungstenYUNOMELT's ghost closely misses you.
The killer bee zombie closely misses you.
The killer bee zombie attacks as you move away!
The killer bee zombie hits you.
* * * LOW HITPOINT WARNING * * *
The killer bee zombie closely misses you.
You take 2 damage, and have 1/33 hp.
TungstenYUNOMELT's ghost attacks as you move away!
TungstenYUNOMELT's ghost hits you.
You die...

#..#..........©#..#
#..#...........#..#
#..#..##..M##..#..#
#..#..#8...8#..#..#
#..#$.##..M##..#..#
#..#.....©Z....#..#
#..#..##...##Z.#..#
#..#..#8...8#ZW#..#
#..#..##...##@.#..#
#..#...........#..#
#..#....$$.....#..#
#..#############..#
#........©........#
#.................#
###################


You could see TungstenYUNOMELT's ghost, a killer bee zombie and a bullfrog
skeleton.

Vanquished Creatures
  2 adders (D:2)
  A worm (D:2)
  2 dart slugs
  5 endoplasms
  6 giant cockroaches
  7 goblins
  8 hobgoblins
  5 jackals
  5 kobolds
  2 quokkas
  4 ball pythons
  3 bats
  A frilled lizard (D:1)
  3 rats
54 creatures vanquished.

Notes
Turn   | Place    | Note
-------+----------+-------------------------------------------
     0 | D:1      | KyoPewz the Merfolk Gladiator began the quest for the Orb.
     0 | D:1      | Reached XP level 1. HP: 16/16 MP: 1/1
   190 | D:1      | Reached XP level 2. HP: 21/22 MP: 2/2
   193 | D:1      | Reached skill level 4 in Long Blades
   581 | D:1      | Reached XP level 3. HP: 17/27 MP: 3/3
  1104 | D:2      | Found Xeif's Magic Scroll Shop.
  1142 | D:2      | Bought a scroll of teleportation for 33 gold pieces
  1428 | D:2      | Reached XP level 4. HP: 33/33 MP: 4/4
  1904 | D:3      | Found a broken altar of Ashenzari.
  1931 | D:3      | Found a faded altar of an unknown god.
  1979 | D:3      | Reached skill level 5 in Long Blades
  1986 | D:3      | Became a worshipper of Ashenzari the Shackled
  2025 | D:3      | Found a sacrificial altar of Ru.
  2040 | D:3      | Found a transporter.
  2090 | D:3      | Noticed TungstenYUNOMELT's ghost (weakling DsFi)
  2092 | D:3      | Found a transporter.
  2160 | D:3      | HP: 1/33 [killer bee zombie (2)]
  2161 | D:3      | Slain by TungstenYUNOMELT's ghost

Illustrated notes

Levels and vault maps discovered:
D:1:      minmay_arrival_three_doors, layout_rooms, minmay_worlds_worst_comb
D:2:      layout_basic, serial_shops, nicolae_shop_advertising_works
          [nicolae_subvault_shop_adworks], minmay_crystal_water, st_stairs_8
D:3:      layout_basic, ashenzari_conservatory_becter,
          nicolae_ru_great_annihilating_truth, shapermc_ecumenical_altar_venn,
          gammafunk_ghost_mausoleum, uniq_natasha

Skill      XL: |  1  2  3  4 |
---------------+-------------+-----
Long Blades    | 4 5 |  5.0
Throwing       | 3 |  3.5
Fighting       | |  2.1
Dodging        | |  4.0

Action                   |  1- 3 |  4- 6 || total
-------------------------+-------+-------++-------
Melee: Long sword        |   123 |    47 ||   170
       Punch             |       |     1 ||     1
Throw: Stone             |     1 |       ||     1
 Stab: Paralysed         |       |     2 ||     2
       Sleeping          |       |     1 ||     1
Armor: Leather armour    |     8 |       ||     8
       Ring mail         |    31 |    22 ||    53
Dodge: Dodged            |    81 |    32 ||   113
